[Event "FIDE WY-U16 Olympiad 2022"]
[Site "Nakhchivan"]
[Date "2022.10.05"]
[Round "4.19"]
[White "Castillo Beitia, Ashley Alexandra"]
[Black "Manon, Reja Neer"]
[Result "0-1"]
[ECO "E88"]
[WhiteElo "1674"]
[BlackElo "2107"]
[Annotator "TA"]
[PlyCount "92"]
[EventDate "2022.10.02"]
[EventType "team-tourn"]
[EventCountry "AZE"]
[SourceTitle "playchess.com"]
[Source "ChessBase"]
[SourceQuality "1"]
[WhiteTeam "Panama"]
[BlackTeam "Bangladesh"]
[WhiteTeamCountry "PAN"]
[BlackTeamCountry "BAN"]
[TimeControl "40/5400+30:1800+30"]

1. d4 Nf6 2. c4 g6 3. Nc3 Bg7 4. e4 d6 5. f3 O-O 6. Be3 e5 7. d5 c6 8. Qd2 cxd5 9. cxd5 a6 10. g4 h5 {[%emt 0:00:04] E88: King's Indian: Sämisch: 6...e5 7 d5 c6.} 11. h3 (11. g5 $5 Nh7 12. h4 $14) 11... Nbd7 12. Bd3 Nh7 {[%emt 0:07:32] [#]} (12... b5 $11 {keeps the balance.}) 13. gxh5 $146 ({Predecessor:} 13. O-O-O h4 14. Nge2 Nc5 15. Bc2 b5 16. Kb1 b4 17. Na4 Qa5 18. Nxc5 dxc5 19. Bd3 {½-½ (52) Schleifer,M (2345)-Goldenberg,D (2255) Defi 1997}) 13... Qh4+ 14. Bf2 (14. Qf2 $16 Qxh5 15. O-O-O) 14... Qxh5 $14 15. O-O-O Bh6 16. Be3 Bxe3 17. Qxe3 Qh4 18. Nge2 b5 19. a3 Rb8 20. b4 $1 Nb6 21. Kb2 Bd7 22. Kb3 ({White should try} 22. f4 $15) 22... Rfc8 $17 23. Rdf1 a5 {[%emt 0:10:13] Black is more active.} 24. f4 Nc4 25. Qc1 (25. Bxc4 $17 bxc4+ 26. Kc2) 25... Nf6 26. Rf3 Qh5 $36 {[%emt 0:03:51][%mdl 2048] Keeping White busy.} 27. Rg3 exf4 (27... Ra8 $19 {has better winning chances. Hoping for ...axb4.} 28. Rhg1 axb4 29. axb4 Ra3+ 30. Kc2 {[#]} Ra2+ $3 31. Nxa2 Na3+ 32. Kb3 Rxc1 33. Rxc1 Nxe4 $1 34. Bxe4 (34. Kxa3 $2 Nxg3 35. Nxg3 Qxh3 $19) 34... Qxe2) 28. Nxf4 $2 {[%emt 0:02:05] Now White is beyond hope.} (28. Qxf4 $17 {is the only way for White.} Qe5 29. Qxe5 Nxe5 30. Rd1 (30. bxa5 Ra8 $17)) 28... Qe5 $19 29. Nfe2 axb4 30. axb4 Ra8 {[%emt 0:00:13] Chess con chili.} ({But not} 30... Nh5 $2 31. Rg5 Qf6 32. Rxh5 gxh5 33. Qf4 Qxf4 34. Nxf4 $19) 31. Rg5 Ra3+ 32. Qxa3 Qxg5 33. Bxc4 (33. Qc1 Qg2 34. Rg1 Qxh3 35. Rg3) 33... bxc4+ 34. Kc2 Qe3 35. Qc1 Qd3+ 36. Kb2 Rb8 37. Ka3 $2 (37. Rd1 Rxb4+ 38. Ka1 Qxh3 39. Rh1) 37... Nxe4 {[%emt 0:04:21] Black is clearly winning.} 38. Rd1 Nf2 39. Rxd3 Ra8+ {[%emt 0:00:01][%mdl 64] Zwischenzug} ({Inferior is} 39... Nxd3 40. Qd1 $11) 40. Kb2 Nxd3+ 41. Kc2 Nxc1 42. Kxc1 Rb8 43. Na2 Bxh3 44. Kb2 g5 45. Kc3 Bd7 46. Nd4 g4 {[%emt 0:00:18] Weighted Error Value: White=0.49/Black=0.14 (very precise)} 0-1

[Event "FIDE WY-U16 Olympiad 2022"]
[Site "Nakhchivan"]
[Date "2022.10.05"]
[Round "4.20"]
[White "Sakline Mostafa, Sajid"]
[Black "Ibanez Zanetti, Sebastian Andres"]
[Result "1-0"]
[ECO "D35"]
[WhiteElo "2001"]
[BlackElo "1433"]
[Annotator "TA"]
[PlyCount "95"]
[EventDate "2022.10.02"]
[EventType "team-tourn"]
[EventCountry "AZE"]
[SourceTitle "playchess.com"]
[Source "ChessBase"]
[SourceQuality "1"]
[WhiteTeam "Bangladesh"]
[BlackTeam "Panama"]
[WhiteTeamCountry "BAN"]
[BlackTeamCountry "PAN"]
[TimeControl "40/5400+30:1800+30"]

1. d4 d5 2. c4 e6 3. Nc3 Nf6 4. cxd5 exd5 5. Bg5 Be7 6. e3 O-O 7. Bd3 h6 8. Bh4 c6 9. Nge2 $1 {[%emt 0:00:37][%cal Bg1e2,Be2g3,Bg3f1,Bf1d2][%mdl 4] is recently more successful than 9.Qc2. D35: Queen's Gambit Declined: Exchange Variation.} Ne4 10. Bxe7 Nxc3 11. bxc3 {[%emt 0:02:33] White is slightly better.} Qxe7 12. O-O Nd7 13. Ng3 Nf6 14. Qc2 Re8 {[%emt 0:02:23] [#]} 15. Rfe1 $146 ({Predecessor:} 15. Rae1 Ne4 16. Ne2 Nf6 17. Nc1 Qd6 18. f3 Be6 19. e4 dxe4 20. fxe4 Qf8 21. e5 {1-0 (28) Takeda,L (1972)-Sato,L (1505) Sao Paulo 2016}) 15... Ne4 16. Nf1 c5 17. f3 c4 18. Bxe4 (18. Bxc4 {is interesting.} dxc4 19. Qxe4 Qxe4 20. fxe4 Rxe4 21. Nd2) 18... dxe4 19. fxe4 Qxe4 20. Qxe4 Rxe4 21. Nd2 Re7 22. e4 b5 23. a4 Bd7 24. axb5 Bxb5 25. Reb1 Be8 26. Ra5 Rc8 (26... f6 $16 27. Re1 (27. Nxc4 Rxe4 28. Nd6 Re6 $14) 27... Bf7) 27. Rb4 Rec7 (27... f6 $16 28. Rxc4 (28. Nxc4 Bf7 $14) 28... Rxc4 29. Nxc4 Rxe4 30. Rxa7 Bh5) 28. e5 Bd7 29. Ne4 Rd8 30. Nd6 f6 {[%emt 0:01:28] [#]} 31. Rb7 ({Weaker is} 31. Nxc4 Be6 $14) ({Don't take} 31. Rxc4 $6 Rxc4 32. Nxc4 Rc8 $16) (31. d5 $1 $18) 31... Rxb7 $16 32. Nxb7 {[%emt 0:00:06][%mdl 4096] Endgame KRB-KRN} Rb8 33. Rxa7 (33. Nd6 $16) 33... Bc6 {[%emt 0:00:20] [#]} (33... fxe5 $14 34. dxe5 Be6) 34. Nc5 (34. Nd6 $1 $16) 34... Rb1+ 35. Kf2 {[%emt 0:00:14] Strongly threatening e6.} fxe5 36. dxe5 Rb2+ 37. Ke3 Bxg2 (37... Rxg2 $14 38. Ra6 Be8) 38. e6 {[%emt 0:01:52] White is more active.} Rb8 (38... Rb1 $16 {might work better.}) 39. Kd4 Re8 (39... Rb2 $16 40. Rd7 (40. Kxc4 Rd2 $16) 40... Re2) 40. Kxc4 $18 Kf8 (40... Rf8 {was called for.} 41. Kd4 Rf2) 41. Rf7+ Kg8 42. Rc7 Kh7 43. Kd4 {[%emt 0:00:00] White is clearly winning.} Kg6 44. Ke5 Rd8 (44... Bh3 $142 45. c4 Bg4) 45. c4 Rd1 46. Nd7 Bh3 47. Nf8+ Kg5 48. Rxg7+ {[%emt 0:00:00] Weighted Error Value: White=0.20 (precise) /Black=0.36} 1-0

[Event "FIDE WY-U16 Olympiad 2022"]
[Site "Nakhchivan"]
[Date "2022.10.05"]
[Round "4.20"]
[White "Shokirjonova, Barchinoy"]
[Black "Boramanikar Tanisha S"]
[Result "0-1"]
[ECO "E18"]
[WhiteElo "1786"]
[BlackElo "1808"]
[Annotator "NA RC COMBH"]
[PlyCount "116"]
[EventDate "2022.10.02"]
[EventType "team-tourn"]
[EventCountry "AZE"]
[SourceTitle "playchess.com"]
[Source "ChessBase"]
[SourceQuality "1"]
[WhiteTeam "Uzbekistan"]
[BlackTeam "India"]
[WhiteTeamCountry "UZB"]
[BlackTeamCountry "IND"]
[TimeControl "40/5400+30:1800+30"]

1. d4 Nf6 2. c4 e6 3. Nf3 b6 4. g3 Bb7 5. Bg2 Be7 6. O-O O-O 7. Nc3 d5 8. cxd5 exd5 9. Ne5 Nbd7 10. Qa4 Nb8 11. Rd1 a6 12. Be3 Qd6 13. Rac1 b5 14. Qc2 Nbd7 15. Bf4 Qe6 16. Nf3 Nh5 17. Bg5 Bd6 18. Be3 h6 19. Nh4 Nb6 20. b3 Ba3 21. Rb1 Bb4 22. a4 Qc6 23. Rdc1 Ba3 24. Nxd5 Qxc2 25. Rxc2 Bxd5 26. axb5 axb5 27. Rxc7 Rfc8 28. Rxc8+ Rxc8 29. Ra1 b4 30. Nf5 Kf8 31. g4 Nf6 32. Bf4 Rc3 33. Bd6+ Kg8 34. Ne7+ Kh7 35. Nxd5 Nbxd5 36. e4 Nb6 37. e5 Nfd5 38. Bc5 Rxb3 39. Be4+ g6 40. h4 Rc3 41. h5 Rc1+ 42. Rxc1 Bxc1 43. hxg6+ fxg6 44. e6 Bg5 45. f4 Bd8 46. f5 gxf5 47. gxf5 Kg7 48. Kf1 Kf6 49. Ke1 Be7 50. Kd2 h5 51. Kc2 Nc4 52. Bd3 Nce3+ 53. Kb3 Nxf5 54. Bxe7+ Nfxe7 55. Be2 h4 56. Bg4 Nf5 57. Bh3 Nxd4+ 58. Kc4 Nxe6 0-1

[Event "FIDE WY-U16 Olympiad 2022"]
[Site "Nakhchivan"]
[Date "2022.10.05"]
[Round "4.21"]
[White "Orozbaev, Eldiar"]
[Black "Hidalgo Diaz, Daniel"]
[Result "0-1"]
[ECO "C07"]
[WhiteElo "2344"]
[BlackElo "2315"]
[Annotator "TA"]
[PlyCount "103"]
[EventDate "2022.10.02"]
[EventType "team-tourn"]
[EventCountry "AZE"]
[SourceTitle "playchess.com"]
[Source "ChessBase"]
[SourceQuality "1"]
[WhiteTeam "Kyrgyzstan"]
[BlackTeam "Cuba"]
[WhiteTeamCountry "KGZ"]
[BlackTeamCountry "CUB"]
[TimeControl "40/5400+30:1800+30"]

1. e4 e6 2. d4 d5 3. Nd2 c5 4. Ngf3 cxd4 5. Nxd4 Nc6 6. Bb5 Bd7 7. Nxc6 bxc6 8. Bd3 Bd6 {[%emt 0:00:07] C07: French Tarrasch: 3...c5, 4 Ngf3 and 4 exd5 Qxd5.} 9. Qe2 Qc7 {[%emt 0:00:38] 9...e5 gains popularity.} 10. Nf3 f6 {[%emt 0:01:17][%cal Bf7f6,Bf6f5][%mdl 32] The position is equal.} 11. c4 Ne7 12. O-O O-O {[%emt 0:00:44] [#]} 13. Qc2 $146 ({Predecessor:} 13. cxd5 cxd5 14. exd5 Nxd5 15. Bd2 Qb6 16. b3 Rfe8 17. Rfe1 Rad8 18. Qe4 g6 19. Qh4 {½-½ (46) Azarov,S (2604)-Roshka,Y (2478) Cattolica 2022}) 13... dxe4 14. Bxe4 f5 15. Bd3 (15. c5 $1 $11 Bxh2+ 16. Nxh2 fxe4 17. Qxe4) 15... c5 $17 16. b4 {[%emt 0:14:07] [#]} e5 $1 17. bxc5 Bxc5 {[%emt 0:00:10] Hoping for ...e4.} 18. Nd2 e4 19. Be2 Rf6 (19... a5 $17 {...a4 is the strong threat.} 20. Nb3 Bd6) 20. Nb3 $11 Ba4 (20... Bd6 $5 21. h3 Bh2+ 22. Kh1 Be5 $15) 21. g3 Rg6 {[%emt 0:15:49][%cal Og6g3] aiming for ...Rxg3+!} 22. Be3 Bxe3 23. fxe3 Rf8 24. c5 Kh8 25. Bc4 h5 26. Qe2 (26. Rad1 $11) 26... Bxb3 (26... h4 $1 $15 27. Rf4 hxg3 28. Rh4+ Rh6 29. Rxh6+ gxh6) 27. axb3 Qxc5 28. Qxh5+ Rh6 29. Qg5 Rff6 30. Qf4 Kh7 31. Rfc1 Qb4 32. Rc2 {[%emt 0:02:39] Inhibits Qd2.} a6 33. Rd1 Rd6 34. Rxd6 Rxd6 35. Rf2 a5 36. Qe5 (36. g4 $1 $14) 36... Rf6 37. Qa1 a4 38. Qd4 Nc6 39. Qd5 Ne7 {[%emt 0:00:54] Inhibits Qg8+.} 40. Qd4 {[%emt 0:00:36][%cal Oc4g8] And now Bg8+! would win.} Nc6 41. Qd5 Ne7 {[%emt 0:30:27] Against Qg8+} 42. Qd4 Nc6 43. Qd1 {[%emt 0:01:14] Strongly threatening Qh5+.} Ne7 44. Kg2 Rd6 45. Qh5+ Rh6 46. Qd1 a3 (46... Qc5 $5 ) 47. Qd7 Qc5 $36 {[%emt 0:00:00][%cal Oc5e3][%mdl 2048] Black has good play.} 48. Qe8 $2 {[%emt 0:00:00][%mdl 8192] [#] This move loses the game for White.} (48. Qd4 $15 Qxd4 49. exd4) 48... Qxe3 $1 $19 {[%emt 0:00:00][%cal Oh6h2] Threatens to win with ...Rxh2+!} 49. Qxe7 {[%emt 0:00:00] [#] Black must now prevent Re2.} (49. Re2 Qf3+) 49... Rxh2+ $3 {[%emt 0:00:00][%mdl 576] Deflection, Decoy. Black mates.} 50. Kxh2 Qxf2+ 51. Kh3 Qg1 52. Kh4 {[%emt 0:00:00] Weighted Error Value: White=0.31/Black=0.10 (very precise)} 0-1

[Event "FIDE WY-U16 Olympiad 2022"]
[Site "Nakhchivan"]
[Date "2022.10.05"]
[Round "4.21"]
[White "Springis, Jevgenijs"]
[Black "Soojay, Jorah"]
[Result "1/2-1/2"]
[ECO "A28"]
[WhiteElo "2057"]
[BlackElo "1644"]
[Annotator "TA"]
[PlyCount "87"]
[EventDate "2022.10.02"]
[EventType "team-tourn"]
[EventCountry "AZE"]
[SourceTitle "playchess.com"]
[Source "ChessBase"]
[SourceQuality "1"]
[WhiteTeam "Latvia"]
[BlackTeam "South Africa"]
[WhiteTeamCountry "LAT"]
[BlackTeamCountry "RSA"]
[TimeControl "40/5400+30:1800+30"]

1. c4 e5 2. Nc3 Nf6 3. Nf3 Nc6 4. e3 d5 5. cxd5 Nxd5 6. Bb5 Bg4 $2 {[%emt 0:01:51] A28: English Opening: Four Knights Variation.} (6... Nxc3 $11 {and Black has nothing to worry.} 7. bxc3 Bd6) 7. Qa4 $1 $18 Nxc3 8. Bxc6+ (8. dxc3 Bd7 $11) 8... bxc6 {[%emt 0:00:13] White is clearly better.} 9. Qxc6+ (9. Qxg4 $18 e4 10. dxc3 (10. bxc3 exf3 11. Qe4+ Kd7 $16) 10... exf3 11. Qe4+ (11. gxf3 Qd3 $16) (11. Qxf3 Qd5 $16) 11... Kd7 12. Qg4+ (12. gxf3 Qf6 $16) 12... Ke8 13. Qxf3) 9... Bd7 $16 10. Qxc3 f6 {[%emt 0:01:12] [#]} 11. Qc4 $146 (11. d4) (11. d4 $14) ({Predecessor:} 11. d4 e4 12. Nd2 f5 13. O-O a5 14. b3 Bb5 15. Nc4 Bb4 16. Qc2 O-O 17. a3 {1-0 (49) Bergstrom,M (2259)-Agrest,R (2060) Sweden 2013}) 11... Bd6 (11... Rb8 $11 {keeps the balance.}) 12. O-O {[%emt 0:01:17] White is more active.} Rb8 13. a4 {[%emt 0:03:59] Prevents Bb5.} Qe7 14. e4 Rb4 15. Qc2 O-O 16. d3 Rfb8 17. Nd2 Be6 18. Nc4 Bxc4 19. dxc4 Qf7 20. b3 ({But not} 20. c5 Rc4 21. Qd3 Bxc5 $15) 20... Rxb3 21. c5 Bf8 22. Be3 R8b4 23. Rfd1 Qc4 24. Qxc4+ Rxc4 25. Rd7 (25. Rd8 $11) 25... Bxc5 $17 26. Rxc7 (26. Rd8+ $15 Kf7 27. Bxc5 Rxc5 28. h3) 26... Rxe3 27. Rxc5 Rxa4 {[%emt 0:06:19][%mdl 4096] Endgame KRR-KRR} 28. Rb1 {[%emt 0:07:14] [#]} Rb4 29. Rbc1 Rexe4 30. Rc8+ Kf7 31. R8c7+ Kg6 32. Rxa7 Rec4 33. Rd1 Rd4 34. Rc1 Rb8 35. g3 h5 ({Black should try} 35... Rb2 $17 36. Rcc7 Kf5) 36. Rcc7 $15 Rg8 37. h4 Rd6 38. Re7 Kh6 39. Kg2 g5 {[%emt 0:01:59] And now ...gxh4 would win.} 40. Rh7+ Kg6 {[%emt 0:00:05] Hoping for ...gxh4.} 41. g4 $2 (41. hxg5 $15 Kxg5 42. Rae7) 41... gxh4 $2 (41... hxg4 $19 {Threatens to win with ...gxh4.} 42. h5+ Kf5) 42. Rxh5 $11 {[%emt 0:00:15] The position is equal.} Rg7 43. Rxg7+ Kxg7 44. Rxh4 {[%emt 0:00:17] Weighted Error Value: White=0.26 (precise) /Black=0.26 (precise)} 1/2-1/2

[Event "FIDE WY-U16 Olympiad 2022"]
[Site "Nakhchivan"]
[Date "2022.10.05"]
[Round "4.22"]
[White "Gonzalez Soler, Leduard Manuel"]
[Black "Zhakshylykov, Erzhan"]
[Result "0-1"]
[ECO "A37"]
[WhiteElo "2251"]
[BlackElo "2260"]
[Annotator "TA"]
[PlyCount "64"]
[EventDate "2022.10.02"]
[EventType "team-tourn"]
[EventCountry "AZE"]
[SourceTitle "playchess.com"]
[Source "ChessBase"]
[SourceQuality "1"]
[WhiteTeam "Cuba"]
[BlackTeam "Kyrgyzstan"]
[WhiteTeamCountry "CUB"]
[BlackTeamCountry "KGZ"]
[TimeControl "40/5400+30:1800+30"]

1. Nf3 c5 2. c4 Nc6 3. g3 g6 4. Bg2 Bg7 5. Nc3 d6 6. O-O Nh6 {[%emt 0:02:04] 6...e6 is a critical line.} 7. e3 (7. d4) 7... O-O {[%emt 0:05:28] A37: Symmetrical English vs ...g6: 4 Bg2 Bg7 5 Nf3.} 8. d4 cxd4 9. exd4 (9. Nxd4 Bd7 10. b3) 9... Bg4 {[%emt 0:07:18] Black has an edge.} 10. h3 Bxf3 11. Bxf3 Nf5 {[%emt 0:01:04] [#]} 12. d5 $146 ({Predecessor:} 12. Bxc6 bxc6 13. d5 Rc8 14. Qd3 Re8 15. Bd2 Qb6 16. b3 Qd4 17. Qxd4 Bxd4 18. dxc6 Nxg3 {1-0 (49) Lewtak,D (2338)-Solnicki,M (2143) Hucisko 2016}) 12... Ne5 13. Be4 Nxc4 14. Bxf5 gxf5 15. Qh5 Qd7 16. Bh6 Bxh6 17. Qxh6 Kh8 18. b3 Ne5 19. f4 (19. Qe3 $11) 19... Ng6 (19... Qc7 $17 20. fxe5 Qxc3) 20. h4 Qc7 21. Rf3 Rg8 {[%emt 0:11:43] Threatens to win with ...Qa5.} 22. Kh1 (22. Rd1 $142) 22... Nf8 (22... Rg7 $17 23. Re3 e6) 23. h5 $2 {[%emt 0:00:10][%mdl 8192] [#] This move loses the game for White.} (23. Qh5 $15) 23... Nd7 $19 24. g4 Nf6 25. gxf5 Ng4 26. Qg5 Rxg5 27. fxg5 Rg8 28. Rg1 Rxg5 {[%emt 0:00:38] [#] ( -> ...Qc5)} 29. Rfg3 Rxh5+ {[%emt 0:00:18] Black mates.} 30. Kg2 Rh2+ 31. Kf3 Qxc3+ 32. Kxg4 Qd4+ {[%emt 0:00:08] Weighted Error Value: White=0.85/Black=0.07 (flawless)} 0-1

[Event "FIDE WY-U16 Olympiad 2022"]
[Site "Nakhchivan"]
[Date "2022.10.05"]
[Round "4.22"]
[White "Wang, Pei-Shan"]
[Black "Adamovics, Aleksejs"]
[Result "1/2-1/2"]
[ECO "B30"]
[WhiteElo "1315"]
[BlackElo "2051"]
[Annotator "TA"]
[PlyCount "169"]
[EventDate "2022.10.02"]
[EventType "team-tourn"]
[EventCountry "AZE"]
[SourceTitle "playchess.com"]
[Source "ChessBase"]
[SourceQuality "1"]
[WhiteTeam "South Africa"]
[BlackTeam "Latvia"]
[WhiteTeamCountry "RSA"]
[BlackTeamCountry "LAT"]
[TimeControl "40/5400+30:1800+30"]

1. e4 c5 2. Nf3 Nc6 3. Bb5 e6 4. O-O Nge7 5. Re1 a6 6. Bf1 d5 7. d3 Ng6 {[%emt 0:04:29] B30: Sicilian: 2...Nc6 3 Bb5, lines without ...g6.} (7... d4 $11) 8. exd5 $14 Qxd5 9. Nc3 Qd8 {[%emt 0:00:28] White is slightly better.} 10. Ne4 (10. g3 $16) 10... Be7 $11 {[%emt 0:02:30] [#]} 11. b3 $146 ({Predecessor:} 11. Be3 b6 12. g3 O-O 13. Bg2 Ra7 14. h4 f5 15. Nc3 Bf6 16. h5 Nge5 17. Nh2 {0-1 (44) Guzman Moneo,A (2192)-Antoli Royo,J (2412) Aragon 2013}) 11... O-O 12. Bb2 Nd4 13. c3 Nxf3+ 14. Qxf3 Bd7 15. Qe3 Qc7 16. Rad1 Rad8 17. d4 (17. c4 $5 ) 17... cxd4 18. Rxd4 (18. cxd4 $15 Bb4 19. Bc3 Bxc3 20. Nxc3) 18... Bc6 ({Black should play} 18... f5 $17 19. Rc4 Qa5) 19. Red1 e5 20. Rxd8 Rxd8 21. Rxd8+ Qxd8 22. Ng3 Qa5 (22... Qd1 {with more complications.} 23. Nf5 Bf8 24. Qc1 Qd7) 23. a4 Qd8 24. Qd3 {[%emt 0:03:46] Against Qd1} Qb6 25. Qc2 Nf4 26. b4 Bd7 27. Bc1 Qc7 {[%emt 0:04:34] With the idea ...Bxb4.} 28. Qb3 Be6 29. Qb2 Nd5 30. Bd2 Nb6 31. a5 Nc4 32. Qc1 Nd6 33. Qe1 f6 34. Bd3 Qc6 35. f4 Qd5 36. fxe5 Qxd3 37. exf6 {[%emt 0:00:58][%mdl 64] [#] Discovered Attack} Kf7 38. fxe7 Kxe7 39. Qe3 (39. Bf4 $16) 39... Qxe3+ $14 40. Bxe3 {[%emt 0:00:05][%mdl 4096] Endgame KBN-KBN} Nf5 41. Bc5+ Kd7 42. Nh5 Bf7 43. Nf4 (43. g4 $16) 43... g5 44. Nd3 Ke6 {[%emt 0:00:00] Against Ne5} 45. Kf2 Kd5 46. Nb2 Ke4 47. Bf8 Bb3 {[%emt 0:00:00] Prevents Na4.} 48. Bc5 Ba2 (48... Bf7 $11) 49. g4 Ng7 50. c4 Ne6 51. Be3 Nf4 52. b5 Ng6 53. bxa6 bxa6 54. c5 (54. Na4 $14 Bxc4 55. Bxg5) 54... Ne5 $11 55. h3 Nc6 56. Na4 Bb3 57. Nb6 Nxa5 58. Bxg5 Nc6 59. Bf6 a5 60. Bb2 a4 61. Nd7 Bc2 (61... Kd3 $11) 62. Kg3 ({White should try} 62. Nf6+ $14 Kf4 63. Ke2) 62... Kd5 63. Ba3 Nd4 64. Nb8 Bd3 65. Nd7 Nc2 66. c6 Kxc6 (66... Nxa3 $17 67. c7 Ba6 68. Nb6+ Kd6 69. Nxa4 Nb5) 67. Ne5+ Kb5 68. Nxd3 Nxa3 {[%emt 0:00:05] KN-KN} 69. h4 Nc4 {[%emt 0:00:42][%cal Oc4e5] [#] Hoping for ...Ne5!} 70. Kf4 {[%emt 0:00:35] Against Ne5} a3 71. Nc1 Kc6 72. g5 Kd7 73. Ke4 Ke6 74. Nb3 (74. h5 $11) 74... a2 $17 {[%emt 0:00:22][%cal Oc4d2] ...Nd2+! is the strong threat.} 75. Na1 $2 (75. Kf4 $15) 75... Nd6+ $19 76. Kf4 Nc8 $2 (76... Kd5 $19 {Strongly threatening ...Kd4.} 77. h5 Ne8) 77. Kg4 $2 (77. Ke4 $15) 77... Ne7 {[%emt 0:00:17] And now ...Kd5 would win.} 78. h5 Ke5 79. Nc2 Ke4 80. g6 Nxg6 $2 81. hxg6 $11 {[%emt 0:00:08] The position is equal.} hxg6 82. Kg5 Kf3 83. Kxg6 Ke2 {[%emt 0:00:05] ( -> ...Kd2)} 84. Kf5 Kd2 (84... Kd1 $5 85. Na1 $8 Kd2 $11) 85. Na1 {[%emt 0:00:06] Weighted Error Value: White=0.15 (very precise) /Black=0.15 (very precise)} 1/2-1/2

[Event "FIDE WY-U16 Olympiad 2022"]
[Site "Nakhchivan"]
[Date "2022.10.05"]
[Round "4.23"]
[White "Francs, Marats"]
[Black "Jacobs, Elsje"]
[Result "1-0"]
[ECO "D35"]
[WhiteElo "1976"]
[BlackElo "1168"]
[Annotator "TA"]
[PlyCount "117"]
[EventDate "2022.10.02"]
[EventType "team-tourn"]
[EventCountry "AZE"]
[SourceTitle "playchess.com"]
[Source "ChessBase"]
[SourceQuality "1"]
[WhiteTeam "Latvia"]
[BlackTeam "South Africa"]
[WhiteTeamCountry "LAT"]
[BlackTeamCountry "RSA"]
[TimeControl "40/5400+30:1800+30"]

1. d4 d5 2. c4 e6 3. Nc3 Nf6 4. cxd5 exd5 5. Bg5 Be6 6. e3 {[%emt 0:01:13] D35: Queen's Gambit Declined: Exchange Variation.} Nbd7 7. Qc2 Bb4 8. Nf3 {[%emt 0:00:58] White is slightly better.} c6 9. Bd3 Qc7 10. O-O O-O {[%emt 0:01:18] [#]} (10... Bd6 $11) 11. Bf4 $1 $16 Bd6 {[%emt 0:08:38] [#]} 12. Nb5 $1 cxb5 13. Qxc7 Bxc7 14. Bxc7 {[%emt 0:00:02] [#]} a6 $146 ({Predecessor:} 14... Rfc8 15. Bg3 a6 16. Rfc1 Nb6 17. b3 Nfd7 18. Bc7 Re8 19. Rc2 f6 20. Rac1 Rac8 {1-0 (59) Erenda,B (1868)-Putak,K (1781) Sv Filip i Jakov 2016}) 15. Rac1 {[%emt 0:00:13] White is more active.} Ne4 16. Rfd1 Bg4 17. Rc2 Rfe8 18. Rdc1 Bxf3 (18... Nb8 $16) 19. gxf3 $18 Ng5 20. Kg2 Re6 $2 {[%emt 0:03:38][%mdl 8192] Loses the game.} (20... Ne6 $16) 21. Bf5 g6 22. Bxe6 Nxe6 23. Be5 {[%emt 0:00:51] Threatens to win with Rc8+.} Nxe5 $2 (23... Nb6 {is tougher.} 24. f4 b4) 24. Rc8+ Rxc8 25. Rxc8+ Kg7 {[%emt 0:00:09] And now ...Nc4 would win.} 26. dxe5 {[%emt 0:00:15][%mdl 4096] Endgame KR-KN} d4 27. exd4 Nxd4 28. Rc7 Nc6 29. Rxb7 Nxe5 30. Rb6 Nc4 31. Rxa6 Nxb2 32. Rb6 Na4 33. Rxb5 Nc3 34. Ra5 h5 35. a4 Ne2 36. Ra7 {[%emt 0:00:25] a5 would kill now.} Nf4+ 37. Kf1 {[%emt 0:00:10] White mates.} Ne6 38. a5 Nc5 39. a6 g5 {[%emt 0:01:38] [#]} 40. Rxf7+ $3 Kxf7 {[%emt 0:01:12] KN-KP} 41. a7 Ne6 42. a8=Q Kf6 43. Qe4 h4 44. Ke2 Nf4+ 45. Kd2 h3 46. Kc3 Ne6 47. Kc4 Nf4 48. Kc5 Ne6+ 49. Kd6 Nf4 50. Qxf4+ gxf4 {[%emt 0:00:38] K3P-KPP} 51. Kd5 Kf5 52. Kd4 Kf6 53. Ke4 Kg6 54. Kxf4 Kf6 55. Kg3 Kg5 56. Kxh3 Kf4 57. Kg2 Kg5 58. Kg3 Kf5 59. h4 {[%emt 0:00:02] Weighted Error Value: White=0.20 (precise) /Black=0.82} 1-0

[Event "FIDE WY-U16 Olympiad 2022"]
[Site "Nakhchivan"]
[Date "2022.10.05"]
[Round "4.23"]
[White "Iunusov, Nuriddin"]
[Black "Hernandez Izquierdo, Jose A."]
[Result "1/2-1/2"]
[ECO "B43"]
[WhiteElo "1940"]
[BlackElo "2140"]
[Annotator "TA"]
[PlyCount "62"]
[EventDate "2022.10.02"]
[EventType "team-tourn"]
[EventCountry "AZE"]
[SourceTitle "playchess.com"]
[Source "ChessBase"]
[SourceQuality "1"]
[WhiteTeam "Kyrgyzstan"]
[BlackTeam "Cuba"]
[WhiteTeamCountry "KGZ"]
[BlackTeamCountry "CUB"]
[TimeControl "40/5400+30:1800+30"]

1. e4 {[%emt 0:00:47] ChessBase II} c5 2. Nf3 e6 3. Nc3 a6 4. d4 cxd4 5. Nxd4 Qc7 6. g3 b5 7. Bg2 Bb7 8. O-O Be7 {[%emt 0:02:16] 8...d6 gains popularity. B43: Sicilian: Kan Variation: 5 Nc3.} 9. Re1 $1 d6 10. a4 {[%emt 0:20:44] White is more active.} bxa4 {[%emt 0:12:55] White is better.} 11. Rxa4 Nf6 (11... Nd7 $16) 12. Nb3 (12. Rb4 $1 $18 {[%cal Rb4b7] and White stays clearly on top. And now Rxb7! would win.} Ng8 13. Qe2) 12... Nc6 13. Bf4 {[%emt 0:04:28] [#]} Ne5 $146 ({Predecessor:} 13... O-O 14. Qa1 Ng4 15. h3 Nge5 16. Rd1 f5 17. Nd4 Nxd4 18. Raxd4 Nf7 19. Qa2 Qc8 {½-½ (32) Bednarich,J (2305)-Nezar,M (2400) Luxembourg 2013 EXT 2017 [ChessBase II]}) 14. Qe2 Rc8 15. Na5 O-O 16. Nxb7 Qxb7 17. Ra2 ({Don't play} 17. Rxa6 Qxb2 18. Nb5 Rxc2 $11) 17... a5 18. Bc1 Bd8 19. Nb5 Qe7 20. b3 Bb6 21. h3 {[%emt 0:00:28] Against Nfg4} ({White should play} 21. Be3 $16 Bxe3 22. Qxe3) 21... Rfd8 $14 22. Kh2 {[%emt 0:01:14] [#]} (22. c4 $14) 22... Bxf2 $1 $15 23. Rd1 ({Wrong is} 23. Qxf2 $2 Nfg4+ $1 24. hxg4 Nxg4+ 25. Kg1 Nxf2 26. Kxf2 d5 $19) 23... h5 24. Bf4 {[%emt 0:02:27] Black must now prevent Bxe5.} ({Don't blunder} 24. Qxf2 $2 {[#]} Nfg4+ $1 25. hxg4 Nxg4+ 26. Kg1 Nxf2 27. Kxf2 d5 $19) 24... Bc5 (24... Bb6 $15 {deserves consideration.}) 25. Rxa5 $11 {[%emt 0:03:25] The position is equal.} Nfg4+ 26. hxg4 Nxg4+ 27. Kh1 e5 28. Bd2 Nf2+ 29. Kh2 {[%emt 0:00:04] aiming for Rf1.} Ng4+ 30. Kh1 {[%emt 0:00:01] Threatens to win with Be1.} Nf2+ 31. Kh2 {[%emt 0:00:06] Hoping for Rf1.} Ng4+ {[%emt 0:03:28] Weighted Error Value: White=0.17 (very precise) /Black=0.17 (very precise)} 1/2-1/2